 Dungeon Crawl Stone Soup version 0.20-a0-345-gbfb25ec (webtiles) character file.

1040157 junb69 the Slayer (level 27, -4/216 HPs)
             Began as a Demonspawn Gladiator on Dec 21, 2016.
             Was the Champion of Ashenzari.
             Slain by Ustiarphel the pandemonium lord (36 damage)
             ... on level 4 of the Depths on Dec 22, 2016.
             The game lasted 05:37:32 (87224 turns).

junb69 the Slayer (Demonspawn Gladiator)           Turns: 87224, Time: 05:37:33

Health: -4/216     AC: 25    Str: 21    XL:     27
Magic:  0/50       EV: 36    Int: 24    God:    Ashenzari [******]
Gold:   5595       SH: 15    Dex: 24    Spells: 30/64 levels left

rFire  + + .     SeeInvis +     m - +6 double sword of Liddukot {freeze, rPois} (curse)
rCold  + + +     Gourm    .     y - +4 scale mail "Ydofaucy" {rElec rPois} (curse)
rNeg   + + +     Faith    .     v - +0 shield {reflect} (curse)
rPois  +         Spirit   +     (helmet unavailable)
rElec  +         Reflect  +     G - +2 cloak {MR+} (curse)
rCorr  +         Harm     .     z - +1 pair of gloves "Ginoa" {rN+ rCorr} (curse)
MR     +++++     Clarity  +     L - +2 pair of boots {Stlth+} (curse)
Stlth  +++++++++.               V - macabre finger necklace {rN+} (curse)
                                R - ring of Equivalence {rC+ Str+2 Int+3 Dex+3} (curse)
                                c - ring "Xurop" {rCorr rF+ rC+ Dex+3 Slay+4} (curse)
                                d - ring of Cinitsarro {+Fly rF+ rN+ MR++ Int+4} (curse)

@: lethally poisoned (-4 -> -22), darkness, very slightly contaminated, studying
Long Blades, repel missiles
A: horns 3, repulsion field 3, agile 1, blurry vision 1, cold resistance 1,
dopey 1, frail 1, high mp 1, magic resistance 1, nightstalker 3, passive freeze,
poison resistance, slow regeneration 1, strong 1, magic shield, magic
regeneration, magic link, freezing cloud immunity
}: 13/15 runes: serpentine, barnacled, golden, iron, obsidian, icy, bone,
abyssal, demonic, glowing, magical, fiery, dark
a: Curse Item, Scrying, Transfer Knowledge, Renounce Religion, Evoke Flight


You were on level 4 of the Depths.
You worshipped Ashenzari.
Ashenzari was exalted by your worship.
You were not hungry.

You visited 16 branches of the dungeon, and saw 79 of its levels.
You visited Pandemonium 1 time, and saw 16 of its levels.
You visited the Abyss 2 times.
You visited 1 bazaar.
You also visited: Ossuary and Bailey.

You collected 9417 gold pieces.
You spent 3822 gold pieces at shops.

Inventory:

Hand Weapons
 e - the +10 double sword of Generosity {flame, -Tele rF+ Int+6}
   (You took it off a tengu reaver on level 4 of the Depths)

   It has been specially enchanted to burn those struck by it, causing extra
   injury to most foes and up to half again as much damage against particularly
   susceptible opponents.
   Big, fiery blades are also staple armaments of hydra-hunters.
   It affects your intelligence (+6).
   It protects you from fire.
   It prevents most forms of teleportation.
 m - the cursed +6 double sword of Liddukot (weapon) {freeze, rPois}
   (You acquired it on level 1 of the Depths)

   It has been specially enchanted to freeze those struck by it, causing extra
   injury to most foes and up to half again as much damage against particularly
   susceptible opponents.
   It can also slow down cold-blooded creatures.
   It protects you from poison.
   It has a curse placed upon it.
 w - the +11 scimitar of the Purse {slice, rElec rPois}
   (You bought it in a shop on level 4 of the Shoals)

   It inflicts extra damage upon your enemies.
   It insulates you from electricity.
   It protects you from poison.
Armour
 v - a cursed +0 shield of reflection (worn)
 y - the cursed +4 scale mail "Ydofaucy" (worn) {rElec rPois}
   (You found it on level 4 of the Dungeon)

   It insulates you from electricity.
   It protects you from poison.
   It has a curse placed upon it.
 z - the cursed +1 pair of gloves "Ginoa" (worn) {rN+ rCorr}
   (You found it on level 2 of the Abyss)

   It protects you from negative energy.
   It protects you from acid and corrosion.
   It has a curse placed upon it.
 G - a cursed +2 cloak of magic resistance (worn)
 L - a cursed +2 pair of boots of stealth (worn)
Rods
 o - a +2 rod of inaccuracy (10/10)
   (You found it on level 7 of Tartarus)
Jewellery
 c - the cursed ring "Xurop" (left hand) {rCorr rF+ rC+ Dex+3 Slay+4}
   (You bought it in a shop on level 2 of the Orcish Mines)

   [ring of resist corrosion]

   It affects your dexterity (+3).
   It affects your accuracy and damage with ranged weapons and melee attacks
   (+4).
   It protects you from fire.
   It protects you from cold.
   It has a curse placed upon it.
 d - the cursed ring of Cinitsarro (on amulet) {+Fly rF+ rN+ MR++ Int+4}
   (You found it on level 3 of the Tomb of the Ancients)

   [ring of flight]

   It affects your intelligence (+4).
   It protects you from fire.
   It protects you from negative energy.
   It affects your resistance to hostile enchantments.
   It lets you fly.
   It has a curse placed upon it.
 D - an uncursed ring of resist corrosion
 E - an uncursed ring of ice
 R - the cursed ring of Equivalence (right hand) {rC+ Str+2 Int+3 Dex+3}
   (You found it on level 3 of the Crypt)

   [ring of intelligence]

   It affects your strength (+2).
   It affects your intelligence (+3).
   It affects your dexterity (+3).
   It protects you from cold.
   It has a curse placed upon it.
 V - the cursed macabre finger necklace (around neck) {rN+}
   (You bought it in a shop in a bazaar)

   [amulet of nothing]

   It protects you from negative energy.
   It has a curse placed upon it.
 Z - the ring of Shadows {Umbra +Inv Stlth+}
   (You found it on level 3 of the Tomb of the Ancients)

   [ring of stealth]

   It lets you turn invisible.
   It makes you more stealthy.
Wands
 q - a wand of digging (12/24)
 P - a wand of disintegration (4/24)
Scrolls
 g - 6 scrolls of fear
 i - 2 scrolls of silence
 k - 11 scrolls of teleportation
 n - 8 scrolls of fog
 p - 9 scrolls of remove curse
 s - 8 scrolls of enchant weapon
 H - 10 scrolls of identify
 J - 6 scrolls of recharging
 M - 7 scrolls of blinking
 S - 2 scrolls of brand weapon
Potions
 a - 2 potions of cure mutation
 b - a potion of cancellation
 j - 14 potions of curing
 r - 11 potions of brilliance
 u - 4 potions of invisibility
 A - 4 potions of might
 C - 5 potions of resistance
 F - a potion of haste
 N - 7 potions of agility
 W - a potion of heal wounds
Books
 O - a manual of Long Blades
Miscellaneous
 I - 2 phantom mirrors
Comestibles
 f - 15 bread rations
 h - 12 beef jerkies
 t - 11 meat rations
 x - 6 royal jellies


   Skills:
 - Level 24.6 Fighting
 - Level 12.4(16.5) Long Blades
 - Level 1.7 Throwing
 - Level 14.6(18.6) Armour
 - Level 22.2(25.5) Dodging
 * Level 18.7 Stealth
 - Level 12.3(15.0) Shields
 - Level 19.1 Spellcasting
   Level 9.3(13.6) Conjurations
 - Level 9.0(13.4) Hexes
 - Level 3.3(7.3) Charms
 - Level 8.5(12.9) Summonings
 - Level 10.0(14.3) Necromancy
 - Level 16.2(20.1) Translocations
   Level 6.2(10.7) Fire Magic
 - Level 5.0(9.4) Air Magic


You had 30 spell levels left.
You knew the following spells:

 Your Spells              Type           Power        Failure   Level  Hunger
a - Regeneration          Chrm/Necr      ######....   1%          3    None
b - Apportation           Tloc           #######...   0%          1    None
c - Controlled Blink      Tloc           N/A          10%         8    ######.
d - Dispel Undead         Necr           ######..     1%          5    None
e - Darkness              Hex            ######....   2%          6    ###....
f - Shadow Creatures      Summ           N/A          3%          6    ###....
g - Silence               Hex/Air        ######....   1%          5    None


Dungeon Overview and Level Annotations

Branches:
Dungeon (15/15)            Temple (1/1) D:4            Lair (6/6) D:8
 Shoals (4/4) Lair:3        Snake (4/4) Lair:2        Slime (0/5) Lair:5
    Orc (2/2) D:11            Elf (3/3) Orc:2        Vaults (4/5) D:13
  Crypt (3/3) Vaults:2       Tomb (3/3) Crypt:3      Depths (5/5) D:15
   Hell (1/1)                 Dis (7/7) Hell            Geh (7/7) Hell
    Coc (7/7) Hell            Tar (7/7) Hell            Zot (0/5) Depths:5

Altars:
Ashenzari
Dithmenos
Gozag
Kikubaaqudgha
Makhleb
Nemelex Xobeh
Qazlal
Trog
Xom
Yredelemnul
Jiyva

Shops:
D:10 *%   D:11 [(   D:14 }   Orc:2 [==:   Elf:2 [   Shoals:2 (   Shoals:4 (
Snake:4 *   Depths:1 =

Portals:
Hell: Depths:1 Depths:2 Depths:3 Depths:4 Depths:5
Abyss: Depths:1 Depths:4 Depths:5
Pandemonium: Depths:3 Depths:4
Ziggurat: Depths:5

Annotations:
Lair:2 exclusion: oklob plant
Lair:6 2 runed doors
Geh:7 Asmodeus
Coc:7 Antaeus


Innate Abilities, Weirdness & Mutations

You have a pair of large horns on your head.
You are surrounded by a strong repulsion field. (EV +4, RMsl)
Your flesh is cold resistant. (rC+)
You are completely attuned to the shadows.
A frigid envelope surrounds you and freezes all who hurt you.
When hurt, damage is shared between your health and your magic reserves.
You regenerate magic rapidly.
When low on magic, you restore magic in place of health.
You are immune to freezing clouds.
You are agile. (Dex +2)
Scrolls take you a little longer to read.
You are dopey. (Int -2)
You are frail. (-10% HP)
You have an increased reservoir of magic. (+10% MP)
You are resistant to hostile enchantments. (MR+)
Your system is resistant to poisons. (rPois)
You regenerate slowly when monsters are visible.
Your muscles are strong. (Str +2)


Message History

There is a one-way gate leading to the halls of Pandemonium here.
Casting: Controlled Blink
Confirm with . or Enter, or press ? or * to list all spells.
Okay, then.
You feel better.
You are covered in liquid flames!
* * * LOW HITPOINT WARNING * * *
The ynoxinul completely misses you.
Ustiarphel sneers, "Get thee gone, thou mammering tardy-gaited guttersnipe!"
Ustiarphel hits you!!!
* * * LOW HITPOINT WARNING * * *
You are lethally poisoned!
Ustiarphel completely resists.
Casting: Controlled Blink
Confirm with . or Enter, or press ? or * to list all spells.
Okay, then.
Unknown command.
Unknown command.
You feel much better.
You feel sick. Ustiarphel hits you!!!
You die...

#.######### #.# #
#.# # #.# # #.# #
#.# # #.##
#############..#
#....3@&...##>.#
#.#######..##..#
#.# #......# #.#
###'###'### #.#
#.........#
#.######.........#
#......#.........#
#.####.#.........#
#.####.#......[..#


You could see Ustiarphel and a ynoxinul.

Vanquished Creatures
  the Serpent of Hell (Dis:7)
  4 ancient liches
  Mara (Snake:4)
  2 juggernauts
  29 greater mummies
  Boris (twice) (Crypt:3 Depths:5)
  2 shard shrikes (Coc:7)
  Frederick (Crypt:2)
  Saint Roka (Orc:1)
  3 golden dragons
  Geryon (Hell)
  Jory (Crypt:3)
  3 doom hounds
  3 bone dragons
  3 iron giants (Dis:7)
  13 Tzitzimimeh
  5 Brimstone Fiends
  5 Hell Sentinels (Dis:7)
  15 liches
  4 tentacled monstrosities
  6 Ice Fiends
  Rupert (D:14)
  5 deep elf blademasters
  A titan (Depths:2)
  2 deep elf master archers
  5 quicksilver dragons
  2 krakens
  6 Executioners (Pan)
  14 ancient champions
  Frances (D:14)
  Gastronok (D:12)
  3 tentacled starspawn
  10 sphinxes
  5 revenants
  3 storm dragons
  Ilsuiw (Shoals:4)
  8 tengu reavers
  4 shadow dragons
  Donald (Vaults:1)
  15 nagarajas
  15 fire giants
  An azure jelly (shapeshifter) (Depths:3)
  A draconian knight (Depths:5)
  14 vault wardens
  9 deep elf sorcerers (Elf:3)
  2 orc warlords
  Aizul (Snake:3)
  11 frost giants
  7 cacodemons
  5 deep elf elementalists
  Louise (Snake:4)
  9 iron dragons
  2 ghost moths (Depths:3)
  4 balrugs
  2 curse skulls (Crypt:1)
  A draconian stormcaller (Depths:5)
  The ghost of nht the Fencer, a journeyman NaBe of Trog (Lair:6)
  A draconian annihilator (Depths:3)
  19 very ugly things
  An elemental wellspring (Coc:7)
  17 war gargoyles
  A spriggan defender (Depths:4)
  12 ghouls
  13 ironheart preservers
  14 stone giants
  25 reapers
  11 vampire knights
  6 bennus
  2 lorocyprocas
  3 entropy weavers
  Azrael (D:12)
  Nessos (D:13)
  5 deep elf demonologists (Elf:3)
  2 green draconians (Depths:5)
  A black draconian (Depths:5)
  A purple draconian (Abyss:2)
  2 white draconians (Depths:5)
  A black sun (Pan)
  15 deep elf annihilators
  4 spark wasps
  2 pale draconians (Depths:5)
  4 eidola
  6 merfolk javelineers
  5 green deaths
  5 quicksilver dragon zombies
  14 ettins
  3 crystal guardians (Crypt:3)
  9 merfolk impalers
  5 deep elf death magi
  Snorg (D:11)
  7 blizzard demons
  Josephine (D:14)
  5 jiangshi
  6 great orbs of eyes
  10 fire dragons
  A kraken zombie (Hell)
  23 mummy priests
  11 ogre magi
  5 rakshasas
  14 yaktaur captains
  5 deep elf high priests (Elf:3)
  Erolcha (D:12)
  10 vault guards
  9 hydras
  An ice dragon (shapeshifter) (Depths:3)
  17 ice dragons
  The ghost of DEFE the Ogre Mage, a journeyman OgSu of Sif Muna (D:11)
  8 spriggan air magi
  2 juggernaut simulacra (Depths:3)
  16 naga warriors
  A ghost crab (Abyss:3)
  9 anacondas
  An anaconda (shapeshifter) (Depths:3)
  A catoblepas (Abyss:3)
  3 merfolk aquamancers (Shoals:4)
  Erica (Lair:2)
  4 death knights
  3 merfolk avatars
  12 centaur warriors
  An alligator (Shoals:1)
  36 two-headed ogres
  3 satyrs
  39 dancing weapons
  7 alligator snapping turtles
  6 tengu warriors
  10 deep troll earth magi
  5 vampire magi
  10 hell hogs (Hell)
  9 spriggan berserkers
  12 naga sharpshooters
  87 death scarabs
  8 deep troll shamans
  4 titan zombies
  11 shock serpents
  6 thrashing horrors
  4 orc high priests
  Urug (D:12)
  17 deep elf knights
  6 hell knights (Crypt:3)
  15 soul eaters
  2 titan skeletons
  12 sun demons
  76 skeletal warriors
  A storm dragon zombie (Dis:7)
  4 iron golems (Dis:7)
  A hellephant skeleton (Crypt:2)
  3 fire crabs
  11 sixfirhies
  11 iron trolls
  A spatial maelstrom (Abyss:2)
  3 unseen horrors
  A death drake (shapeshifter) (Depths:3)
  4 wretched stars
  2 salamander mystics (Snake:4)
  6 flayed ghosts
  7 glowing orange brains
  16 sea snakes
  7 shadow demons
  A golden dragon zombie (Crypt:3)
  A shambling mangrove (Abyss:3)
  4 swamp dragons
  2 ghost moth zombies
  5 shadow wraiths
  14 ironbrand convokers
  25 deep trolls
  An unseen horror (shapeshifter) (Vaults:2)
  5 anaconda zombies
  10 deep elf archers
  7 harpies
  A shadow dragon zombie (Dis:7)
  Pikel (D:6)
  10 mana vipers
  12 necromancers
  4 naga ritualists
  12 orc knights
  A lindwurm (Lair:6)
  5 anaconda skeletons
  4 wizards
  13 phantasmal warriors
  A shadow dragon skeleton (Tar:1)
  20 fauns
  49 deep elf magi
  The ghost of ThermosAquaticus the Zephyrmancer, a novice TeAE of Vehumet (D:6)
  2 wolf spider zombies (Dis:7)
  3 frost giant zombies
  A stone giant zombie (Tar:6)
  9 wolf spiders
  3 fire giant zombies
  44 ugly things
  5 orc sorcerers
  A mana viper (shapeshifter) (Depths:3)
  10 salamanders
  6 elephants (Lair:5)
  4 iron dragon zombies
  2 oklob plants (Elf:1)
  13 cyclopes
  10 merfolk sirens
  A worldbinder (Abyss:2)
  Maurice (D:13)
  27 large abominations
  10 manticores
  A torpor snail (shapeshifter) (Depths:2)
  9 rust devils
  Joseph (D:8)
  42 black mambas
  2 fire giant skeletons
  4 centaur zombies
  2 frost giant skeletons
  2 stone giant skeletons
  A torpor snail (Lair:6)
  15 naga magi
  11 smoke demons
  A black mamba (shapeshifter) (Vaults:4)
  6 dire elephant zombies
  An ice statue (Abyss:3)
  An iron dragon skeleton (Hell)
  3 water nymphs
  8 molten gargoyles
  5 orange demons
  2 gargoyles
  2 apocalypse crabs (Abyss:3)
  3 centaur skeletons
  11 spiny frogs
  A spiny frog (shapeshifter) (Abyss:2)
  16 guardian serpents
  5 spectral swamp worms (Tar:7)
  3 emperor scorpion zombies
  14 hellions
  12 vault sentinels
  An iron troll zombie (Crypt:1)
  A yaktaur (shapeshifter) (Depths:1)
  4 kobold demonologists
  An anaconda simulacrum (Tomb:2)
  13 tormentors
  A death yak skeleton (Crypt:2)
  17 freezing wraiths
  3 rime drakes
  3 efreet
  65 yaktaurs
  3 hydra zombies
  A komodo dragon (shapeshifter) (Depths:3)
  17 ice devils
  7 komodo dragons
  67 guardian mummies
  5 hellwings
  3 demonic crawlers
  8 tengu conjurers
  A yaktaur skeleton (Vaults:4)
  A golden dragon simulacrum (Coc:7)
  A catoblepas skeleton (Geh:7)
  A polar bear (shapeshifter) (Depths:2)
  A queen ant zombie (Crypt:2)
  A sea snake skeleton (Crypt:2)
  2 jumping spiders (shapeshifter)
  2 ancient zymes
  2 wind drakes (shapeshifter)
  6 red devils
  16 trolls
  A meliai (shapeshifter) (Depths:1)
  An iron troll skeleton (Crypt:2)
  32 merfolk
  3 wind drakes
  A wolf spider simulacrum (D:15)
  14 hornets
  4 hydra skeletons
  An ice dragon zombie (Tar:7)
  17 slime creatures
  A blink frog (shapeshifter) (Vaults:2)
  2 harpy skeletons
  15 dream sheep
  3 ettin zombies
  7 bog bodies
  30 blink frogs
  14 hippogriffs
  9 raiju
  10 snapping turtles
  2 fire dragon zombies
  7 spriggans
  4 ynoxinuls
  An alligator zombie (Dis:6)
  A black mamba zombie (Tar:7)
  52 flying skulls
  10 air elementals
  3 redbacks
  3 alligator skeletons
  A tarantella (shapeshifter) (Vaults:4)
  18 water elementals
  2 vampires
  19 wraiths
  A redback (shapeshifter) (Vaults:1)
  A wind drake zombie (Crypt:1)
  2 spriggans (shapeshifter)
  A tarantella (Vaults:4)
  A wyvern (shapeshifter) (Depths:3)
  9 shadows
  An ettin skeleton (Geh:4)
  2 ice dragon skeletons
  6 humans (D:10)
  A black mamba skeleton (Tar:3)
  4 fire bats
  2 hungry ghosts
  9 ushabtiu
  5 wyverns
  51 yaks
  14 fire elementals
  4 fire dragon skeletons
  3 golden eyes (Abyss:2)
  A yaktaur simulacrum (Vaults:4)
  8 basilisks
  A basilisk (shapeshifter) (Vaults:1)
  2 golden eyes (shapeshifter)
  5 chaos spawn
  An emperor scorpion simulacrum (Hell)
  A merfolk zombie (Crypt:2)
  8 vampire mosquitoes
  12 wargs
  12 neqoxecs
  4 steam dragons
  A spatial vortex (Coc:7)
  42 nagas
  A two-headed ogre zombie (Crypt:1)
  3 deep troll zombies (Crypt:1)
  A spiny frog zombie (Coc:1)
  20 hell hounds
  4 acid dragons
  A hydra simulacrum (Depths:3)
  11 water moccasins
  A deep troll skeleton (Crypt:1)
  11 porcupines
  A torturous demonspawn skeleton (Crypt:2)
  A floating eye (shapeshifter) (Vaults:4)
  3 floating eyes
  2 slaves (D:6)
  A swamp dragon zombie (Dis:7)
  A faun skeleton (Crypt:1)
  4 sky beasts
  52 orc warriors
  2 ice beasts (D:9)
  4 black bears
  10 starcursed masses (Abyss:3)
  22 necrophages
  3 spiny frog skeletons
  2 phantoms
  28 ogres
  A manticore skeleton (Coc:7)
  15 centaurs
  An eye of draining (D:13)
  11 crocodiles
  Blork the orc (D:5)
  6 big kobolds
  11 small abominations
  12 bullfrogs
  A human simulacrum (Vaults:1)
  6 earth elementals
  A spiny frog simulacrum (Hell)
  2 wyvern zombies
  A cyclops zombie (Crypt:1)
  3 wyvern skeletons
  A scorpion (D:14)
  A snapping turtle simulacrum (Hell)
  A polar bear skeleton (Crypt:1)
  24 killer bees
  50 wights
  12 howler monkeys
  An electric eel (Lair:1)
  19 crimson imps
  4 bullfrog zombies
  5 lava snakes (Lair:6)
  2 quasits (Abyss:1)
  3 bullfrog skeletons
  A human zombie (Tar:7)
  6 jellies
  6 hounds
  15 orc priests
  26 orc wizards
  A gnoll shaman (Orc:1)
  8 iron imps
  Jessica (D:2)
  16 human skeletons
  6 iguanas
  6 worker ants
  Natasha (thrice) (D:3)
  A tengu zombie (Crypt:3)
  A bullfrog simulacrum (D:13)
  A big kobold zombie (Crypt:2)
  A hound zombie (D:5)
  A naga skeleton (Coc:7)
  A hound skeleton (D:10)
  52 mummies
  15 gnolls
  A hell rat skeleton (Crypt:1)
  13 adders
  5 shadow imps
  7 white imps
  An ufetubus (Abyss:2)
  7 oozes
  2 adder skeletons
  5 worms
  2 dart slugs
  5 leopard geckos
  114 orcs
  6 giant cockroaches
  31 goblins
  23 hobgoblins
  19 jackals
  26 kobolds
  6 quokkas
  2 ball pythons
  3 ball python skeletons (Ossuary)
  6 bats
  2 frilled lizards
  A hobgoblin skeleton (Ossuary)
  A jackal skeleton (D:4)
  A kobold zombie (Ossuary)
  An orc skeleton (Ossuary)
  2 orc zombies (Ossuary)
  A quokka skeleton (Crypt:1)
  4 rats
  A butterfly (Lair:4)
  6 tentacles
3302 creatures vanquished.

Vanquished Creatures (collateral kills)
  A caustic shrike (shapeshifter) (Depths:4)
  A tentacled monstrosity (Depths:4)
  A sphinx (Depths:3)
  2 very ugly things (Depths:4)
  A black draconian (Depths:5)
  A merfolk impaler (Shoals:4)
  A fire dragon (Depths:4)
  2 deep troll shamans
  A deep troll (Depths:5)
  A torturous demonspawn (Pan)
  An ugly thing (Depths:4)
  A guardian serpent (shapeshifter) (Depths:3)
  2 water elementals (Depths:5)
  A steam dragon (Depths:5)
  A shadow imp (Tar:4)
18 creatures vanquished.

Vanquished Creatures (others)
  A shard shrike (Coc:7)
  A fire giant (Geh:7)
  A merfolk javelineer (Depths:2)
  13 death scarabs
  A naga sharpshooter (Snake:2)
  A frost giant zombie (Geh:7)
  A fire giant zombie (Dis:7)
  A deep elf mage (Elf:2)
  A rust devil (Shoals:3)
  A smoke demon (Pan)
  A yaktaur (Vaults:3)
  5 flying skulls (Tomb:3)
  2 dancing weapons
  A naga (Snake:4)
  A slave (D:7)
  A mummy (Tomb:2)
  2 white imps (Abyss:3)
  An adder zombie (D:6)
  2 ball lightnings (Pan)
  2 orcs (D:13)
  2 kobolds (D:15)
  11 fungi (Lair:6)
  10 plants
  2 starspawn tentacles (Abyss:3)
  13 tentacles
78 creatures vanquished.

Grand Total: 3398 creatures vanquished

Notes
Turn   | Place    | Note
-------+----------+-------------------------------------------
     0 | D:1      | junb69 the Demonspawn Gladiator began the quest for the Orb.
     0 | D:1      | Reached XP level 1. HP: 16/16 MP: 1/1
   229 | D:1      | Gained mutation: You are surrounded by a mild repulsion field. (EV +2) [demonic ancestry]
   229 | D:1      | Reached XP level 2. HP: 21/22 MP: 2/2
   528 | D:1      | Gained mutation: You have a pair of small horns on your head. [demonic ancestry]
   528 | D:1      | Reached XP level 3. HP: 21/27 MP: 3/3
  1108 | D:2      | Noticed Jessica
  1113 | D:2      | Killed Jessica
  1113 | D:2      | Gained mutation: When hurt, damage is shared between your health and your magic reserves. [demonic ancestry]
  1113 | D:2      | Reached XP level 4. HP: 33/33 MP: 4/4
  1737 | D:2      | Reached skill level 5 in Long Blades
  1949 | D:3      | Noticed Natasha
  1965 | D:3      | Killed Natasha
  1965 | D:3      | Gained mutation: You are slightly more attuned to the shadows. [demonic ancestry]
  1965 | D:3      | Reached XP level 5. HP: 9/38 MP: 1/5
  2274 | D:3      | Found a shattered altar of Ashenzari.
  2280 | D:3      | Noticed Natasha
  2286 | D:3      | Killed Natasha
  2293 | D:3      | Became a worshipper of Ashenzari the Shackled
  2304 | D:3      | Noticed Natasha
  2315 | D:3      | Killed Natasha
  3156 | D:3      | Reached XP level 6. HP: 9/44 MP: 0/6
  3413 | D:4      | Found a sand-covered staircase.
  3417 | Ossuary  | Entered an ossuary
  3658 | Ossuary  | Noticed a flying skull
  3658 | Ossuary  | Noticed a wraith
  3668 | Ossuary  | Noticed a flying skull
  3672 | Ossuary  | Noticed a flying skull
  3691 | Ossuary  | Noticed a wraith
  3707 | Ossuary  | Killed a wraith
  3707 | Ossuary  | Reached XP level 7. HP: 11/50 MP: 1/7
  3960 | Ossuary  | Noticed a flying skull
  3975 | Ossuary  | Noticed a flying skull
  3982 | Ossuary  | Noticed a wraith
  4020 | Ossuary  | Gained mutation: Your muscles are strong. (Str +2) [potion of beneficial mutation]
  4027 | Ossuary  | Killed a wraith
  4326 | D:4      | Found a staircase to the Ecumenical Temple.
  4551 | D:4      | Found a stormy altar of Qazlal.
  4651 | D:4      | Got the uncursed scale mail "Ydofaucy" {rElec rPois}
  4662 | D:4      | Identified the +4 scale mail "Ydofaucy" {rElec rPois} (You found it on level 4 of the Dungeon)
  4796 | D:4      | Found a shimmering altar of Xom.
  5012 | Temple   | Entered the Ecumenical Temple
  5057 | D:5      | Entered Level 5 of the Dungeon
  5110 | D:5      | Reached XP level 8. HP: 54/56 MP: 8/8
  5209 | D:5      | Reached * piety under Ashenzari
  5415 | D:5      | Found a shadowy altar of Dithmenos.
  5435 | D:5      | Noticed Blork the orc
  5443 | D:5      | Killed Blork the orc
  5970 | D:5      | Reached skill level 10 in Long Blades
  6524 | D:6      | Noticed a hippogriff
  6535 | D:6      | Killed a hippogriff
  6535 | D:6      | Reached skill level 4 in Fighting
  6586 | D:6      | Noticed Pikel
  6677 | D:6      | Noticed ThermosAquaticus's ghost (novice TeAE)
  6717 | D:6      | Killed ThermosAquaticus's ghost
  6717 | D:6      | Reached skill level 6 in Fighting
  6717 | D:6      | Reached XP level 9. HP: 37/69 MP: 7/9
  6730 | D:6      | Killed Pikel
  6730 | D:6      | Reached skill level 7 in Fighting
  7147 | D:6      | Reached ** piety under Ashenzari
  7266 | D:6      | Reached skill level 8 in Fighting
  7487 | D:7      | Found a flagged portal.
  7499 | Bailey   | Entered a bailey
  7504 | Bailey   | Noticed an orc knight
  7971 | D:7      | Reached skill level 9 in Fighting
  8245 | D:8      | Noticed a two-headed ogre
  8250 | D:8      | Noticed a komodo dragon
  8273 | D:7      | Killed a two-headed ogre
  8273 | D:7      | Reached skill level 10 in Fighting
  8273 | D:7      | Gained mutation: You are significantly more attuned to the shadows. [demonic ancestry]
  8273 | D:7      | Reached XP level 10. HP: 25/86 MP: 5/10
  8561 | D:8      | Noticed Joseph
  8582 | D:8      | Killed Joseph
  8582 | D:8      | Reached skill level 1 in Armour
  8582 | D:8      | Reached skill level 1 in Shields
  9168 | D:8      | Noticed a two-headed ogre
  9176 | D:8      | Killed a two-headed ogre
  9365 | D:8      | Found a sparkling altar of Nemelex Xobeh.
  9568 | D:8      | Found a bloodstained altar of Trog.
  9593 | D:8      | Found a staircase to the Lair.
  9776 | Lair:1   | Entered Level 1 of the Lair of Beasts
  9967 | Lair:1   | Noticed a black mamba
  9971 | Lair:1   | Reached skill level 5 in Shields
 10002 | Lair:1   | Killed a black mamba
 10002 | Lair:1   | Reached skill level 5 in Armour
 10028 | Lair:1   | Reached XP level 11. HP: 52/92 MP: 11/11
 11075 | Lair:2   | Reached skill level 5 in Dodging
 11522 | Lair:2   | Found a staircase to the Snake Pit.
 11737 | Lair:2   | Reached *** piety under Ashenzari
 12041 | Lair:2   | Noticed Erica
 12063 | Lair:2   | Killed Erica
 12244 | Lair:2   | Noticed an oklob plant
 12724 | Lair:3   | Gained mutation: You are surrounded by a moderate repulsion field. (EV +3) [demonic ancestry]
 12724 | Lair:3   | Reached XP level 12. HP: 93/99 MP: 12/12
 13156 | Lair:3   | Found a staircase to the Shoals.
 13378 | Lair:4   | Noticed a six-headed hydra
 13464 | Lair:3   | Reached skill level 11 in Fighting
 13577 | Lair:4   | Reached **** piety under Ashenzari
 13651 | Lair:4   | Killed a two-headed hydra
 13779 | Lair:4   | Noticed a six-headed hydra
 13808 | Lair:4   | Killed a one-headed hydra
 14600 | Lair:5   | Noticed a six-headed hydra
 14607 | Lair:5   | Killed a two-headed hydra
 14607 | Lair:5   | Reached skill level 12 in Fighting
 14618 | Lair:5   | Reached skill level 10 in Armour
 14752 | Lair:5   | Identified the ring "Qudarph" {rC+ MR++ Int+2 Slay-4}
 14755 | Lair:5   | Noticed an eight-headed hydra
 14766 | Lair:5   | Killed a four-headed hydra
 15228 | Lair:5   | Gained mutation: You are surrounded by a strong repulsion field. (EV +4, RMsl) [demonic ancestry]
 15228 | Lair:5   | Reached XP level 13. HP: 93/108 MP: 9/13
 15483 | Lair:5   | Reached skill level 13 in Fighting
 15516 | Lair:5   | Found a staircase to the Slime Pits.
 15517 | Lair:5   | Found a viscous altar of Jiyva.
 15617 | Lair:5   | Identified the +6 spear of Honour {pierce, rPois Str+3 Int+4 Dex-5}
 15834 | Lair:6   | Entered Level 6 of the Lair of Beasts
 16200 | Lair:6   | Noticed nht's ghost (journeyman NaBe)
 16367 | Lair:6   | Killed nht's ghost
 16658 | Lair:6   | Reached skill level 1 in Stealth
 17163 | Lair:6   | Reached skill level 10 in Dodging
 17222 | Lair:6   | Reached ***** piety under Ashenzari
 17457 | Lair:6   | Found a large runed door.
 17457 | Lair:6   | Found a large runed door.
 17466 | Lair:6   | Noticed a fire dragon
 18052 | D:9      | Reached XP level 14. HP: 105/118 MP: 11/14
 18736 | D:10     | Entered Level 10 of the Dungeon
 18966 | D:10     | Found Iggeplawk's Food Shop.
 19082 | D:10     | Found Mogiss's Assorted Antiques.
 19087 | D:10     | Bought a scroll of identify for 66 gold pieces
 19087 | D:10     | Bought a scroll of teleportation for 99 gold pieces
 19087 | D:10     | Bought a scroll labeled KAAHE ZULALY for 33 gold pieces
 19273 | D:10     | Reached skill level 14 in Fighting
 19353 | D:11     | Found Eseof's Weapon Boutique.
 19353 | D:11     | Found a staircase to the Orcish Mines.
 19353 | D:11     | Found Immit's Armour Boutique.
 19353 | D:11     | Noticed Snorg
 19411 | D:11     | Killed Snorg
 19596 | D:11     | Noticed DEFE's ghost (journeyman OgSu)
 19628 | D:11     | Killed DEFE's ghost
 20122 | D:11     | Found an opulent altar of Gozag.
 20355 | Orc:1    | Entered Level 1 of the Orcish Mines
 20389 | Orc:1    | Paralysed by an orc sorcerer for 6 turns
 20727 | Orc:1    | Noticed an orc warlord
 20858 | D:11     | Killed an orc warlord
 21013 | Orc:2    | Entered Level 2 of the Orcish Mines
 21136 | Orc:2    | Found a staircase to the Elven Halls.
 21688 | Orc:2    | Found Xogebby's Jewellery Shoppe.
 21688 | Orc:2    | Found Utoti Ulisch's Jewellery Shop.
 21688 | Orc:2    | Found Saogh's Antique Armour Boutique.
 22015 | Orc:2    | Paralysed by an orc sorcerer for 6 turns
 22302 | Orc:2    | Noticed Saint Roka
 22423 | Orc:1    | Killed Saint Roka
 22528 | Orc:2    | Found Nyiwkar's Book Emporium.
 22542 | Orc:2    | Bought the ring "Xurop" {rCorr rF+ rC+ Dex+3 Slay+4} for 833 gold pieces
 22542 | Orc:2    | Bought a +6 ring of dexterity for 760 gold pieces
 22575 | Orc:2    | Bought a +3 amulet of reflection for 325 gold pieces
 23013 | D:12     | Noticed Azrael
 23019 | D:12     | Noticed Gastronok
 23387 | D:12     | Killed Azrael
 23420 | D:12     | Killed Gastronok
 23459 | D:12     | Noticed Rupert
 23483 | D:12     | Reached skill level 5 in Stealth
 23529 | D:12     | Noticed Erolcha
 23530 | D:12     | Reached XP level 15. HP: 126/126 MP: 15/15
 23541 | D:12     | Killed Erolcha
 23731 | D:12     | Noticed Urug
 23735 | D:12     | Killed Urug
 24118 | D:13     | Found a flickering gateway to a bazaar.
 24150 | D:13     | Noticed Nessos
 24159 | D:13     | Killed Nessos
 24425 | Bazaar   | Entered a bazaar
 24437 | Bazaar   | Found Rifipsaopn's General Store.
 24447 | Bazaar   | Found Qixtu's Jewellery Boutique.
 24483 | Bazaar   | Found Logafoph's Weapon Shoppe.
 24495 | Bazaar   | Found Lufrint's Jewellery Shop.
 24522 | Bazaar   | Bought the macabre finger necklace {rN+} for 224 gold pieces
 24651 | D:13     | Noticed Maurice
 24702 | D:13     | Killed Maurice
 25308 | D:13     | Found a gate to the Vaults.
 25346 | D:14     | Found a shadowy altar of Dithmenos.
 25369 | D:14     | Reached ****** piety under Ashenzari
 25381 | D:14     | Found a burning altar of Makhleb.
 25519 | D:14     | Noticed Josephine
 25585 | D:14     | Killed Josephine
 25815 | D:14     | Found Bocze's Gadget Shoppe.
 25859 | D:14     | Gained mutation: Your muscles are very strong. (Str +4) [potion of beneficial mutation]
 26200 | D:14     | Noticed Frances
 26464 | D:15     | Entered Level 15 of the Dungeon
 26469 | D:15     | Reached skill level 15 in Fighting
 26778 | D:15     | Found a staircase to the Depths.
 27512 | D:15     | Upgraded the game from 0.20-a0-331-g5b3579f to 0.20-a0-345-gbfb25ec
 27856 | Snake:1  | Entered Level 1 of the Snake Pit
 28040 | Snake:1  | Learned a level 3 spell: Regeneration
 28147 | Snake:1  | Gained mutation: You have a pair of horns on your head. [demonic ancestry]
 28147 | Snake:1  | Reached XP level 16. HP: 135/135 MP: 16/16
 29070 | Snake:2  | Reached skill level 10 in Stealth
 29661 | Snake:3  | Reached skill level 16 in Fighting
 30027 | Snake:3  | Noticed Aizul
 30050 | Snake:3  | Killed Aizul
 30697 | Snake:4  | Entered Level 4 of the Snake Pit
 30697 | Snake:4  | Noticed Mara
 30988 | Snake:4  | Gained mutation: You possess an exceptional clarity of mind. [potion of beneficial mutation]
 31803 | Snake:4  | Found Nienioc's Assorted Antiques.
 31811 | Snake:4  | Noticed Louise
 31830 | Snake:4  | Cast into level 2 of the Abyss (Louise)
 31975 | Abyss:2  | Identified the +1 pair of gloves "Ginoa" {rN+ rCorr}
 32023 | Snake:4  | Escaped the Abyss
 32052 | Snake:4  | Killed Louise
 32258 | Snake:4  | Reached skill level 17 in Fighting
 32258 | Snake:4  | Gained mutation: You have a pair of large horns on your head. [demonic ancestry]
 32258 | Snake:4  | Reached XP level 17. HP: 146/146 MP: 17/17
 32493 | Snake:4  | Noticed junb69's illusion
 32619 | Snake:4  | Noticed junb69's illusion
 32641 | Snake:4  | Killed Mara
 34201 | Snake:4  | Reached skill level 1 in Spellcasting
 34598 | Snake:4  | Reached skill level 5 in Spellcasting
 34797 | Snake:4  | Got a serpentine rune of Zot
 35081 | Shoals:1 | Entered Level 1 of the Shoals
 35136 | Shoals:1 | Identified the +1 scale mail of the Black Skies {rElec}
 35424 | Shoals:1 | Gained mutation: Your flesh is cold resistant. (rC+) [demonic ancestry]
 35424 | Shoals:1 | Reached XP level 18. HP: 143/155 MP: 26/28
 36977 | Shoals:2 | Found Lemeuth's Antique Weapon Shoppe.
 37003 | Shoals:2 | Reached skill level 10 in Spellcasting
 38081 | Shoals:3 | Identified the cursed +1 falchion "Lupnop" {freeze, *Drain Int+6}
 38553 | Shoals:4 | Entered Level 4 of the Shoals
 38553 | Shoals:4 | Found Fomopitt's Antique Weapon Shop.
 38559 | Shoals:4 | Bought an ivory scimitar for 279 gold pieces
 38559 | Shoals:4 | Identified the +11 scimitar of the Purse {slice, rElec rPois} (You bought it in a shop on level 4 of the Shoals)
 38628 | Shoals:4 | Learned a level 3 spell: Tukima's Dance
 38691 | Shoals:4 | Reached skill level 1 in Hexes
 38852 | Shoals:4 | Reached skill level 1 in Charms
 39057 | Shoals:4 | Noticed Ilsuiw
 39085 | Shoals:4 | Killed Ilsuiw
 39496 | Shoals:4 | Identified the Incunabulum of the Volcano
 39550 | Shoals:4 | Reached skill level 18 in Fighting
 40029 | Shoals:4 | Got a barnacled rune of Zot
 40861 | Elf:1    | Entered Level 1 of the Elven Halls
 40945 | Elf:1    | Gained mutation: You are completely attuned to the shadows. [demonic ancestry]
 40945 | Elf:1    | Reached XP level 19. HP: 162/162 MP: 30/34
 41120 | Elf:1    | Identified the +2 shortbow of the Hall of Blades {flame, +Inv rPois rF+}
 41433 | Elf:1    | Reached skill level 5 in Hexes
 41732 | Elf:1    | Identified a scroll of acquirement
 41750 | Elf:1    | Identified the +9 short sword "Fuller" {protect, *Drain Str+6}
 42023 | Elf:2    | Found Owkeagge's Antique Armour Boutique.
 42035 | Elf:2    | Bought an embroidered cloak for 378 gold pieces
 42091 | Elf:2    | Found a huge runed gate.
 42092 | Elf:2    | Found a huge runed gate.
 42093 | Elf:2    | Found a huge runed gate.
 42094 | Elf:2    | Found a huge runed gate.
 42095 | Elf:2    | Found a huge runed gate.
 43155 | Elf:3    | Entered Level 3 of the Elven Halls
 44466 | Elf:3    | Gained mutation: You are immune to freezing clouds. [demonic ancestry]
 44466 | Elf:3    | Reached XP level 20. HP: 142/170 MP: 32/36
 44591 | Elf:3    | Reached skill level 10 in Shields
 44726 | Elf:3    | Identified the ring "Oner" {+Inv +Fly Str-3 Int+4 Stlth+} (You took it off a deep elf mage on level 3 of the Elven Halls)
 44802 | Elf:3    | Identified the ring "Hacyps" {rPois Dex+2 SInv} (You took it off a deep elf demonologist on level 3 of the Elven Halls)
 44802 | Elf:3    | Identified the +4 glaive of Midnight {distort, Int+4} (You took it off a deep elf demonologist on level 3 of the Elven Halls)
 45130 | Elf:3    | Identified the cursed +0 long sword of Dowaug {venom, Str-5 Int+6}
 45130 | Elf:3    | Identified the cursed +2 great sword "Usa Buuffivi" {vamp, +Blink MR+ Dex-2}
 45132 | Elf:3    | Identified the amulet "Isetiof" {+Rage Str+10 Int-5}
 45140 | Elf:3    | Identified the ring of Nysylo {rElec rPois Str-4 Dex+4 Slay-4}
 45194 | Elf:3    | Identified the +1 scale mail "Jityum" {rN+ Str-4 Dex+6}
 45291 | Elf:3    | Learned a level 8 spell: Controlled Blink
 45295 | Elf:3    | Learned a level 3 spell: Portal Projectile
 45475 | Orc:2    | Bought a book of Dreams for 825 gold pieces
 45488 | Orc:2    | Learned a level 6 spell: Darkness
 45495 | Orc:2    | Learned a level 6 spell: Shadow Creatures
 45503 | Orc:2    | Learned a level 5 spell: Silence
 45643 | Vaults:1 | Entered Level 1 of the Vaults
 45643 | Vaults:1 | Noticed Donald
 45654 | Vaults:1 | Killed Donald
 45757 | D:14     | Killed Frances
 45847 | D:14     | Killed Rupert
 46405 | Vaults:1 | Reached skill level 1 in Summonings
 46568 | Vaults:1 | Reached skill level 1 in Air Magic
 46613 | Vaults:1 | Reached skill level 1 in Translocations
 48168 | Vaults:2 | Reached skill level 5 in Summonings
 48251 | Vaults:2 | Gained mutation: You regenerate magic rapidly. [demonic ancestry]
 48251 | Vaults:2 | Reached XP level 21. HP: 176/176 MP: 37/37
 48382 | Vaults:2 | Found a staircase to the Crypt.
 48382 | Vaults:2 | Found a basalt altar of Yredelemnul.
 48382 | Vaults:2 | Found an ancient bone altar of Kikubaaqudgha.
 48423 | Vaults:2 | Reached skill level 5 in Air Magic
 52444 | Vaults:4 | Reached skill level 19 in Fighting
 52818 | Vaults:4 | Reached XP level 22. HP: 186/186 MP: 30/40
 53605 | Crypt:1  | Entered Level 1 of the Crypt
 54305 | Crypt:1  | Identified the cursed +1 chain mail of Sebuqumn {rN++ MR+ Str+2 Slay-4}
 55078 | Crypt:1  | Reached skill level 15 in Spellcasting
 56026 | Crypt:2  | Noticed Frederick
 56038 | Crypt:2  | Killed Frederick
 56877 | Crypt:3  | Entered Level 3 of the Crypt
 56877 | Crypt:3  | Noticed Boris
 56891 | Crypt:3  | Killed Boris
 56891 | Crypt:3  | Reached skill level 5 in Translocations
 56907 | Crypt:3  | Reached XP level 23. HP: 177/193 MP: 42/42
 57784 | Crypt:3  | Found a staircase to the Tomb.
 58004 | Crypt:3  | Noticed Jory
 58022 | Crypt:3  | Killed Jory
 58329 | Crypt:3  | Found a basalt altar of Yredelemnul.
 58329 | Crypt:3  | Noticed an ancient lich
 58335 | Crypt:3  | Killed an ancient lich
 58335 | Crypt:3  | Reached skill level 10 in Translocations
 58461 | Crypt:3  | Identified the ring of Equivalence {rC+ Str+2 Int+3 Dex+3}
 58667 | Tomb:1   | Entered Level 1 of the Tomb of the Ancients
 59289 | Tomb:1   | Noticed a greater mummy
 59300 | Tomb:1   | Killed a greater mummy
 59442 | Tomb:1   | Noticed a greater mummy
 59457 | Tomb:1   | Killed a greater mummy
 59600 | Tomb:1   | Noticed a greater mummy
 59611 | Tomb:1   | Killed a greater mummy
 60056 | Tomb:2   | Noticed a greater mummy
 60057 | Tomb:2   | Noticed a greater mummy
 60061 | Tomb:2   | Noticed a greater mummy
 60308 | Tomb:2   | Noticed a greater mummy
 60322 | Tomb:1   | Killed a greater mummy
 60334 | Tomb:1   | Killed a greater mummy
 60334 | Tomb:1   | Gained mutation: A frigid envelope surrounds you and freezes all who hurt you. [demonic ancestry]
 60334 | Tomb:1   | Reached XP level 24. HP: 177/193 MP: 41/43
 60484 | Tomb:2   | Killed a greater mummy
 60499 | Tomb:2   | Killed a greater mummy
 61910 | Tomb:1   | Noticed a greater mummy
 61922 | Tomb:1   | Killed a greater mummy
 61962 | Tomb:1   | Noticed a greater mummy
 61972 | Tomb:1   | Killed a greater mummy
 62020 | Tomb:1   | Noticed a greater mummy
 62035 | Tomb:1   | Noticed a greater mummy
 62040 | Tomb:1   | Killed a greater mummy
 62529 | Tomb:1   | Killed a greater mummy
 62732 | Tomb:1   | Noticed a greater mummy
 62745 | Tomb:1   | Killed a greater mummy
 62753 | Tomb:1   | Noticed a greater mummy
 62762 | Tomb:1   | Killed a greater mummy
 62948 | Tomb:1   | Noticed a greater mummy
 62952 | Tomb:1   | Noticed a greater mummy
 62960 | Tomb:1   | Killed a greater mummy
 62969 | Tomb:1   | Killed a greater mummy
 62994 | Tomb:1   | Noticed a greater mummy
 63000 | Tomb:1   | Killed a greater mummy
 63104 | Tomb:1   | Noticed a greater mummy
 63112 | Tomb:1   | Killed a greater mummy
 63112 | Tomb:1   | Reached skill level 15 in Translocations
 63208 | Tomb:1   | Noticed a greater mummy
 63219 | Tomb:1   | Killed a greater mummy
 63297 | Tomb:1   | Noticed a greater mummy
 63305 | Tomb:1   | Killed a greater mummy
 63486 | Tomb:1   | Noticed a greater mummy
 63489 | Tomb:1   | Noticed a greater mummy
 63496 | Tomb:1   | Killed a greater mummy
 63500 | Tomb:1   | Noticed a greater mummy
 63507 | Tomb:1   | Killed a greater mummy
 63519 | Tomb:1   | Killed a greater mummy
 64004 | Tomb:3   | Entered Level 3 of the Tomb of the Ancients
 64054 | Tomb:3   | Reached XP level 25. HP: 177/192 MP: 38/44
 64055 | Tomb:3   | Reached skill level 15 in Dodging
 64114 | Tomb:3   | Noticed a greater mummy
 64124 | Tomb:3   | Killed a greater mummy
 64589 | Tomb:3   | Noticed a greater mummy
 64600 | Tomb:3   | Killed a greater mummy
 65202 | Tomb:3   | Learned a level 6 spell: Bolt of Fire
 65234 | Tomb:3   | Reached skill level 1 in Conjurations
 65235 | Tomb:3   | Reached skill level 1 in Fire Magic
 65650 | Tomb:3   | Noticed an ancient lich
 65665 | Tomb:3   | Killed an ancient lich
 65703 | Tomb:3   | Noticed an ancient lich
 65712 | Tomb:3   | Killed an ancient lich
 65716 | Tomb:3   | Identified the ring of the Firefly {Str+6 Dex+5}
 65719 | Tomb:3   | Identified the +6 scimitar of Haav {flame, +Blink MR+ MP+9 Str-4}
 65767 | Tomb:3   | Identified the ring of Cinitsarro {+Fly rF+ rN+ MR++ Int+4}
 66006 | Tomb:3   | Noticed a greater mummy
 66017 | Tomb:3   | Killed a greater mummy
 66101 | Tomb:3   | Noticed a greater mummy
 66112 | Tomb:3   | Killed a greater mummy
 66112 | Tomb:3   | Reached skill level 5 in Conjurations
 66376 | Tomb:3   | Reached skill level 5 in Fire Magic
 66379 | Tomb:3   | Noticed a greater mummy
 66390 | Tomb:3   | Killed a greater mummy
 66669 | Tomb:3   | Got a golden rune of Zot
 66735 | Tomb:3   | Noticed a greater mummy
 66747 | Tomb:3   | Killed a greater mummy
 66765 | Tomb:3   | Noticed a greater mummy
 66777 | Tomb:3   | Killed a greater mummy
 67043 | Tomb:3   | Learned a level 5 spell: Dispel Undead
 67052 | Tomb:3   | Learned a level 6 spell: Iron Shot
 67344 | Tomb:1   | Reached skill level 1 in Necromancy
 67976 | Depths:1 | Entered Level 1 of the Depths
 68013 | Depths:1 | Found Iheiq's Jewellery Shop.
 68370 | Depths:1 | Found a gateway to Hell.
 68375 | Depths:1 | Found a one-way gate to the infinite horrors of the Abyss.
 68600 | Depths:1 | Gained mutation: You have an increased reservoir of magic. (+10% MP) [potion of beneficial mutation]
 68757 | Depths:1 | Reached skill level 5 in Necromancy
 69049 | Depths:1 | Gained mutation: When low on magic, you restore magic in place of health. [demonic ancestry]
 69049 | Depths:1 | Reached XP level 26. HP: 179/190 MP: 46/49
 69097 | Depths:1 | Noticed a juggernaut
 69116 | Depths:1 | Killed a juggernaut
 69573 | Depths:1 | Voluntarily entered the Abyss.
 69643 | Abyss:1  | Found a shimmering altar of Xom.
 70060 | Abyss:1  | Noticed an ancient lich
 70075 | Abyss:1  | Killed an ancient lich
 70365 | Abyss:2  | Gained mutation: You are agile. (Dex +2) [a neqoxec]
 70581 | Abyss:2  | Found a corrupted altar of Lugonu.
 71005 | Abyss:3  | Got an abyssal rune of Zot
 71060 | Depths:1 | Escaped the Abyss
 71395 | Depths:1 | Identified the cursed +6 double sword of Liddukot {freeze, rPois} (You acquired it on level 1 of the Depths)
 71998 | Depths:2 | Identified the cursed +0 ring mail "Qorito" {+Fly} (You acquired it on level 2 of the Depths)
 72493 | Depths:2 | Identified the ring "Ferat" {+Fly rF+ rC+}
 72517 | Depths:2 | Reached skill level 20 in Fighting
 72718 | Depths:2 | Learned a level 1 spell: Apportation
 72921 | Depths:2 | Paralysed by a floating eye for 2 turns
 73468 | Depths:3 | Reached XP level 27. HP: 226/226 MP: 50/50
 73851 | Depths:3 | Found a one-way gate leading to the halls of Pandemonium.
 74497 | Depths:3 | Reached skill level 21 in Fighting
 75132 | Depths:4 | Identified the +10 double sword of Generosity {flame, -Tele rF+ Int+6} (You took it off a tengu reaver on level 4 of the Depths)
 75906 | Depths:4 | Noticed a juggernaut
 75917 | Depths:4 | Killed a juggernaut
 76272 | Depths:5 | Entered Level 5 of the Depths
 76342 | Depths:5 | Found a gateway to a ziggurat.
 76585 | Depths:5 | Gained mutation: You are resistant to hostile enchantments. (MR+) [potion of beneficial mutation]
 76712 | Depths:5 | Noticed Boris
 76724 | Depths:5 | Killed Boris
 76724 | Depths:5 | Reached skill level 15 in Stealth
 77437 | Depths:5 | Found a gate to the Realm of Zot.
 77755 | Hell     | Entered the Vestibule of Hell
 77755 | Hell     | Noticed Geryon
 77776 | Hell     | Killed Geryon
 78047 | Hell     | Found a gateway to the Iron City of Dis.
 78130 | Hell     | Found a gateway to the freezing wastes of Cocytus.
 78453 | Hell     | Found a gateway to the decaying netherworld of Tartarus.
 78814 | Hell     | Found a gateway to the ashen valley of Gehenna.
 79004 | Hell     | Reached skill level 10 in Necromancy
 79360 | Tar:1    | Entered Level 1 of Tartarus
 80473 | Tar:3    | Reached skill level 22 in Fighting
 81048 | Tar:7    | Entered Level 7 of Tartarus
 81565 | Tar:7    | Identified the +6 scimitar of the Doomed Warrior {freeze, *Noise rC+++ Int+6 Dex+2}
 81566 | Tar:7    | Got a bone rune of Zot
 81757 | Dis:1    | Entered Level 1 of the Iron City of Dis
 81831 | Dis:3    | Gained mutation: You regenerate slowly when monsters are visible. [a cacodemon]
 82065 | Dis:7    | Entered Level 7 of the Iron City of Dis
 82184 | Dis:7    | Reached skill level 23 in Fighting
 82471 | Dis:7    | Noticed the Serpent of Hell
 82521 | Dis:7    | Killed the Serpent of Hell
 82769 | Dis:7    | Gained mutation: You are frail. (-10% HP) [mutagenic glow]
 82827 | Dis:7    | Lost mutation: Your muscles are very strong. (Str +4) [mutagenic glow]
 83188 | Dis:7    | Got an iron rune of Zot
 83414 | Coc:1    | Entered Level 1 of Cocytus
 83559 | Coc:7    | Entered Level 7 of Cocytus
 83815 | Coc:7    | Reached skill level 24 in Fighting
 84044 | Coc:7    | Noticed Antaeus
 84067 | Coc:7    | Got an icy rune of Zot
 84274 | Geh:1    | Entered Level 1 of Gehenna
 84534 | Geh:7    | Entered Level 7 of Gehenna
 84777 | Geh:7    | Noticed Asmodeus
 84791 | Geh:7    | Got an obsidian rune of Zot
 85119 | Pan      | Entered Pandemonium
 85208 | Pan      | Got a demonic rune of Zot
 85219 | Pan      | Entered the realm of Gloorx Vloq.
 85433 | Pan      | Got a dark rune of Zot
 85436 | Pan      | Found an exit through the horrors of the Abyss.
 85582 | Pan      | Found an exit through the horrors of the Abyss.
 85690 | Pan      | Entered the realm of Lom Lobon.
 85700 | Pan      | Identified the +7 war axe of the Unstoppable Realms {drain, Dex+4}
 85733 | Pan      | Found an exit through the horrors of the Abyss.
 85812 | Pan      | Noticed Lom Lobon
 85840 | Pan      | Got a magical rune of Zot
 86200 | Pan      | Found an exit through the horrors of the Abyss.
 86291 | Pan      | Entered the realm of Cerebov.
 86365 | Pan      | Identified the ring of Woj Doef {Fire Int+6}
 86452 | Pan      | Noticed Cerebov
 86474 | Pan      | Got a fiery rune of Zot
 86557 | Pan      | Found an exit through the horrors of the Abyss.
 86653 | Pan      | Found an exit through the horrors of the Abyss.
 86783 | Pan      | Found an exit through the horrors of the Abyss.
 86801 | Pan      | Noticed Lom Lobon
 86803 | Pan      | Entered the realm of Mnoleg.
 86892 | Pan      | Gained mutation: You are very frail. (-20% HP) [a neqoxec]
 86933 | Pan      | Lost mutation: You are very frail. (-20% HP) [a neqoxec]
 86981 | Pan      | Lost mutation: You possess an exceptional clarity of mind. [a cacodemon]
 87020 | Pan      | Gained mutation: Scrolls take you a little longer to read. [a neqoxec]
 87064 | Pan      | Noticed Mnoleg
 87118 | Pan      | Got a glowing rune of Zot
 87124 | Pan      | Gained mutation: You are dopey. (Int -2) [a cacodemon]
 87164 | Pan      | Gained mutation: Your system is resistant to poisons. (rPois) [a cacodemon]
 87193 | Pan      | Found a runed door.
 87199 | Pan      | Found a runed door.
 87199 | Pan      | Found a runed door.
 87208 | Pan      | Noticed Ustiarphel the pandemonium lord
 87222 | Depths:4 | Escaped Pandemonium
 87224 | Depths:4 | Slain by Ustiarphel the pandemonium lord

Vault maps used:
D:1:      minmay_arrival_up_and_down
D:2:      uniq_jessica
D:3:      first_bread, evilmike_ruin_ashenzari, uniq_natasha
D:4:      old_standard_altar, nicolae_qazlal_general_emergency, enter_ossuary_5,
          nrook_mini_vaults, st_stairs_10
D:5:      minmay_goblin_kobold_castle, nicolae_overflow_crystal_walls,
          grunt_decor_mini_mirrors, serial_park_tiny_pond, uniq_blork_the_orc
D:6:      uniq_pikel
D:7:      enter_bailey_2
D:8:      lemuel_round_altar, trog_ov_bears_minmay, david_lair_shrubbed,
          hangedman_little_slice_of_home, uniq_joseph
D:10:     serial_shops, shop, kennysheep_little_box, minmay_ruffians
D:11:     orc_david_3, nicolae_gozag_seed_capital, uniq_snorg
D:12:     kennysheep_nub, grunt_tough_drop, uniq_azrael, uniq_urug, uniq_rupert,
          uniq_gastronok, uniq_erolcha
D:13:     hangedman_vaults_entry_quadrant_bands, serial_shops,
          bzr_entry_customers, uniq_maurice, uniq_nessos
D:14:     grunt_dithmenos_smoke, serial_shops, shop, basic_altar,
          glass_columns_b, serial_bayou_pond_c, uniq_frances, uniq_josephine
D:15:     hangedman_depths_entry_civil_slaughter, bh_walls_and_bars,
          serial_bayou_pond_e
Temple:   eino_temple_scatter_basement
Lair:1:   grunt_megastairs_1, infiniplex_staircase_pool
Lair:2:   minmay_snake_entry_guardpost_small, minmay_lair_oklob_chamber,
          lemuel_fruit_tree, uniq_erica
Lair:3:   elwin_shoals_entry_rooms
Lair:4:   lemuel_fruit_fields, lemuel_fruit_fields, lemuel_fruit_fields
Lair:5:   beast_lair_carwin_large_2, slime_altar_1, roderic_carrion_pond,
          grunt_megastairs_4
Lair:6:   cheibrodos_lair_end_hotspot, infiniplex_staircase_pool_2
Shoals:1: nicolae_shoals_siren_and_animal_friends
Shoals:2: serial_shops, nicolae_shop_crystal
Shoals:4: shoals_end_grunt_ice, shoals_ilsuiw_alternative, serial_shops,
          nicolae_shop_statue_plus
Snake:1:  nrook_guardian_serpent_double
Snake:3:  uniq_aizul
Snake:4:  snake_hunt, minmay_shop_star, grunt_megastairs_3, uniq_mara,
          uniq_louise
Orc:2:    st_orc_rangers, nicolae_orc_rockfall, uniq_saint_roka
Elf:1:    dpeg_oklob_gauntlet, evilmike_minifort
Elf:2:    serial_shops, shop
Elf:3:    minmay_elf_hall_four_x, spider_trap
Vaults:1: dpeg_vaults_monster_row, nicolae_vaults_specimen_jars, v_misc_1,
          nicolae_vaults_yaktaur_gun_rack, v_rooms_5, v_pattern_5,
          hangedman_vaults_stagger, nicolae_vaults_little_squares_1,
          ontoclasm_vaults_fault, v_misc_25, vaults_dpeg_encased_lava,
          ontoclasm_vaults_shuriken, nicolae_vaults_little_squares_3,
          ontoclasm_vaults_pinch, uniq_donald
Vaults:2: minmay_crypt_entry_necro_gods, nicolae_vaults_network_square,
          v_rooms_3, grunt_vaults_trifunnel, hangedman_vaults_slice, v_misc_13,
          v_misc_27, nicolae_vaults_alarming, nicolae_vaults_little_ls,
          v_misc_22
Vaults:3: v_misc_1, hangedman_vaults_snaps, grunt_vaults_hallway_long,
          v_pattern_4, ontoclasm_vaults_gateway, v_misc_19,
          nicolae_vaults_border_crossing, v_misc_25
Vaults:4: vaults_standard_mumra_enter_the_diamond, v_rooms_6,
          nicolae_vaults_angled_halls, v_misc_12, v_rooms_5, v_misc_31,
          v_alt_pattern_6, ontoclasm_vaults_claustrophobia,
          nicolae_vaults_minivaults, ontoclasm_vaults_idyll, v_misc_17,
          vaults_dpeg_diagonal, ontoclasm_vaults_ring_square, v_misc_15
Crypt:1:  grunt_ministairs_12, nicolae_crypt_twisting_catacombs,
          basic_loot_grate_trap, skrybe_necro_troll_1
Crypt:2:  uniq_frederick
Crypt:3:  cryptofortress_bobbens, uniq_jory, uniq_boris
Depths:1: kennysheep_large_spiral, serial_shops, shop, hell_entry, abyss_entry,
          minmay_variable_closet, minmay_three_doors
Depths:2: minmay_expanding_circles, minmay_stone_trees_small, hell_entry,
          serial_bayou_shore_a
Depths:3: hangedman_crystal_crosses_colossus, serial_shops, pan_entry,
          hell_entry
Depths:4: cheibrodos_salmonella, minmay_misc_feat_doors, abyss_entry,
          hell_entry, pan_entry, infiniplex_staircase_star
Depths:5: evilmike_zot_entry_gauntlet, enter_ziggurat_b, corexii_corridor_pit,
          abyss_entry_crystal, hell_entry, uniq_boris
Dis:7:    iron_city_of_dis
Geh:4:    nicolae_geh_single_fiery_grave, evilmike_ambush
Geh:5:    nicolae_geh_single_fiery_grave
Geh:6:    nicolae_geh_fiery_graves
Geh:7:    evilmike_geh
Coc:1:    serial_ice
Coc:4:    evilmike_ambush
Coc:7:    coc_grunt
Tar:2:    nicolae_tar_cuneiform_city
Tar:3:    nicolae_tar_cuneiform_sun
Tar:7:    tar_minmay_river
Abyss:2:  minivault_13, hangedman_abyss_or_decor_jellyfish_corner
Abyss:3:  evilmike_abyss_exit_1, minivault_27, hangedman_abyss_rune_macabre_mess
Pan:      rand_demon_6, grunt_pan_in_and_out, pan_blood_fountain_small,
          gloorx_vloq_st, evilmike_mini_pan_pillars, pan_blood_fountain_small,
          evilmike_mini_pan_T, evilmike_holy_pan, lom_lobon_st,
          nicolae_pan_mnolegish_3, rand_demon_5, uniq_lom_lobon, cerebov_st,
          evilmike_mini_pan_layers, pan_blood_fountain_small,
          pan_blood_fountain, evilmike_mini_pan_other_thingy,
          pan_blood_fountain, pan_blood_fountain_small, nicolae_pan_mnolegish_5,
          rand_demon_9, pan_blood_fountain_small, nicolae_pan_glass_arcs,
          uniq_lom_lobon, pan_blood_fountain_small, rand_demon_1,
          uniq_lom_lobon, uniq_cerebov, mnoleg_grunt, pan_blood_fountain_small,
          rand_demon_7, pan_blood_fountain_small, pan_surprise
Bazaar:   bazaar_jpeg_ribbon
Ossuary:  ossuary_due_cavern
Bailey:   bailey_polearm_4, bailey

Skill      XL: |  1  2  3  4  5  6  7  8  9 10 11 12 13 14 15 16 17 18 19 20 21 22 23 24 25 26 27 |
---------------+----------------------------------------------------------------------------------+-----
Long Blades    | 3 4 5 6 7 9 10 11 12 | 12.4
Fighting       | 6 10 12 13 14 15 17 18 19 20 24 | 24.6
Armour         | 5 8 10 11 14 | 14.6
Shields        | 5 9 12 | 12.3
Dodging        | 6 7 10 11 13 14 15 19 22 | 22.2
Stealth        | 4 5 8 11 13 14 18 | 18.7
Spellcasting   | 7 11 12 14 15 16 17 18 19 | 19.1
Hexes          | 3 5 7 9 |  9.0
Charms         | 3 |  3.3
Summonings     | 5 6 8 |  8.5
Air Magic      | 4 5 |  5.0
Translocations | 4 5 11 16 | 16.2
Conjurations   | 8 9 |  9.3
Fire Magic     | 6 |  6.2
Necromancy     | 6 8 10 | 10.0
Throwing       | |  1.7

Action                   |  1- 3 |  4- 6 |  7- 9 | 10-12 | 13-15 | 16-18 | 19-21 | 22-24 | 25-27 || total
-------------------------+-------+-------+-------+-------+-------+-------+-------+-------+-------++-------
Melee: Long sword        |    77 |   187 |   459 |   514 |       |       |       |       |       ||  1237
       Headbutt          |     7 |    39 |   113 |   197 |   429 |   593 |   519 |   699 |  1718 ||  4314
       Scimitar          |       |       |       |   245 |  1348 |  1570 |  1364 |  1517 |   952 ||  6996
       Double sword      |       |       |       |       |       |       |       |       |  3013 ||  3013
 Cast: Tukima's Dance    |       |       |       |       |       |    21 |    19 |       |       ||    40
       Regeneration      |       |       |       |       |       |     3 |       |     4 |   139 ||   146
       Silence           |       |       |       |       |       |       |    15 |    43 |    28 ||    86
       Darkness          |       |       |       |       |       |       |       |     3 |   157 ||   160
       Bolt of Fire      |       |       |       |       |       |       |       |       |     4 ||     4
       Shadow Creatures  |       |       |       |       |       |       |       |       |    43 ||    43
       Controlled Blink  |       |       |       |       |       |       |       |       |    20 ||    20
       Dispel Undead     |       |       |       |       |       |       |       |       |    31 ||    31
Invok: Curse Item        |       |       |     2 |     2 |     5 |     4 |     3 |     1 |     1 ||    18
       Scrying           |       |       |       |       |     1 |       |       |       |       ||     1
 Abil: Evoke Flight      |       |       |       |       |       |       |       |       |    12 ||    12
Evoke: Wand              |       |       |    17 |       |     5 |     1 |     3 |     1 |    15 ||    42
  Use: Scroll            |       |     5 |    10 |     4 |    16 |    13 |     9 |     5 |    30 ||    92
       Potion            |       |     1 |     5 |     2 |     3 |     3 |     3 |     4 |    24 ||    45
 Stab: Sleeping          |       |     6 |     2 |     4 |    27 |    29 |    83 |    53 |   103 ||   307
       Distracted        |       |       |       |       |     7 |    11 |     6 |     8 |    45 ||    77
       Invisible         |       |       |       |       |       |     5 |       |       |       ||     5
       Confused          |       |       |       |       |       |       |       |       |     1 ||     1
  Eat: Chunk             |     1 |     7 |    12 |    21 |    37 |    17 |    33 |     5 |    29 ||   162
       Fruit             |       |       |     5 |     3 |     8 |    19 |     5 |    10 |     4 ||    54
       Royal jelly       |       |       |       |       |       |     2 |       |     1 |     5 ||     8
       Pizza             |       |       |       |       |       |     1 |     2 |     1 |     4 ||     8
       Meat ration       |       |       |       |       |       |     1 |       |     2 |     4 ||     7
       Beef jerky        |       |       |       |       |       |       |     1 |     3 |     7 ||    11
       Bread ration      |       |       |       |       |       |       |       |     3 |     9 ||    12
Armor: Leather armour    |    30 |    36 |    13 |       |       |       |       |       |       ||    79
       Skin              |       |       |    39 |       |       |       |       |       |       ||    39
       Scale mail        |       |       |   153 |   204 |   242 |   213 |   197 |   232 |   607 ||  1848
Dodge: Dodged            |    67 |   133 |   252 |   453 |  1135 |  1250 |   835 |  1041 |  3311 ||  8477
       Deflected         |       |       |       |       |    34 |    77 |    34 |     2 |    49 ||   196
Block: Buckler           |       |    21 |    56 |   138 |   422 |   573 |    73 |       |       ||  1283
       Reflection        |       |       |       |       |    17 |     3 |    26 |     8 |    46 ||   100
       Shield            |       |       |       |       |       |       |   585 |   986 |  2555 ||  4126
       Rpst.: Long sword |    21 |    44 |    69 |    81 |       |       |       |       |       ||   215
       Scimitar          |       |       |       |    41 |   300 |   254 |   221 |   286 |   201 ||  1303
       Double sword      |       |       |       |       |       |       |       |       |   465 ||   465
